 Dungeon Crawl Stone Soup version 0.29-a0-664-gff9cad4a3d (webtiles) character file.

Game seed: 5656211530645219775

77 YayAnonymity the Shield-Bearer (level 4, -2/35 HPs)
             Began as a Formicid Fighter on June 23, 2022.
             Slain by an orc
             ... wielding a +0 club
              (4 damage)
             ... on level 3 of the Dungeon.
             The game lasted 00:03:03 (2044 turns).

YayAnonymity the Shield-Bearer (Formicid Fighter)   Turns: 2044, Time: 00:03:03

Health: -2/35      AC:  6    Str: 22 (23) XL:     4   Next: 60%
Magic:  4/4        EV:  9    Int:  5 (7)  God:
Gold:   133        SH:  5    Dex: 12 (13) Spells: 3/3 levels left

rFire   . . .      SeeInvis +   a - +0 war axe
rCold   . . .      Faith    .   c - +0 buckler
rNeg    . . .      Spirit   .   b - +0 scale mail
rPois   .          Reflect  .   (helmet unavailable)
rElec   .          Harm     .   (no cloak)
rCorr   .          Rampage  .   (no gloves)
Will    .....                   (no boots)
Stlth   ..........              (no amulet)
HPRegen 0.11/turn               (no ring)
MPRegen 0.09/turn               (no ring)

@: no status effects
A: permanent stasis, dig shafts and tunnels, antennae 3, four strong arms
a: Dig, Shaft Self


You were on level 3 of the Dungeon.
You visited 1 branch of the dungeon, and saw 3 of its levels.

You collected 133 gold pieces.

Inventory:

Hand Weapons
 a - a +0 war axe (weapon)
Armour
 b - a +0 scale mail (worn)
 c - a +0 buckler (worn)
Scrolls
 g - a scroll of teleportation {unknown}
 h - a scroll of identify {unknown}
 i - a scroll of brand weapon {unknown}
 j - a scroll of blinking {unknown}
 k - a scroll of poison {unknown}
 l - a scroll of vulnerability {unknown}
 m - a scroll of enchant armour {unknown}
 n - a scroll of fear {unknown}
 p - a scroll of enchant weapon {unknown}
 q - a scroll of amnesia {unknown}
Potions
 d - a potion of might
 e - a potion of degeneration
 f - a potion of cancellation {unknown}
 o - a potion of lignification {unknown}


   Skills:
 - Level 3.2 Fighting
 * Level 3.8 Axes
 - Level 3.2 Armour
 + Level 5.0 Shields


You had 3 spell levels left.
You didn't know any spells.
Your spell library contained the following spells:

 Spells                   Type           Power      Damage    Failure   Level
 Gell's Gravitas          Tloc           0%         N/A       99%         3
 Portal Projectile        Hex/Tloc       0%         N/A       99%         3
 Teleport Other           Tloc           0%         N/A       99%         3
 Tukima's Dance           Hex            0%         N/A       99%         3
 Blade Hands              Tmut           0%         N/A       100%        5
 Dispersal                Tloc           0%         N/A       100%        6


Dungeon Overview and Level Annotations

Branches:
Dungeon (3/15)

Altars:

Shops:
D:2 (


Innate Abilities, Weirdness & Mutations

You cannot be hasted, slowed, berserked, paralysed or teleported.
You can dig through walls and to a lower floor.
You have a pair of large antennae on your head. (SInv)
Your four strong arms can wield two-handed weapons with a shield.


Message History

The hobgoblin hits you with a +0 rapier.
You are too injured to fight recklessly!
You are too injured to fight recklessly!
You are too injured to fight recklessly!
You hit the hobgoblin.
The hobgoblin is lightly wounded.
The hobgoblin hits you with a +0 rapier.
You hit the hobgoblin.
The hobgoblin is almost dead.
The hobgoblin drinks a potion.
The hobgoblin is healed!
You hit the hobgoblin.
The hobgoblin is lightly wounded.
The hobgoblin hits you with a +0 rapier.
* * * LOW HITPOINT WARNING * * *
You block the hobgoblin's attack.
You hit the hobgoblin.
You kill the hobgoblin!
The orc throws a silver boomerang.
The silver boomerang hits you.
* * * LOW HITPOINT WARNING * * *
x2 The orc hits you but does no damage.
An adder comes into view.
There is a broken door here.
You see here a +0 rapier.
The adder hisses angrily.
You hit the orc.
The orc is lightly wounded.
You slash the dart slug!
You kill the dart slug!
The orc barely misses you.
You hit the orc but do no damage.
The orc is lightly wounded.
You block the orc's attack. The orc barely misses you.
You hit the orc but do no damage.
The orc is lightly wounded.
The orc hits you but does no damage.
It was a potion of degeneration.
There was something very wrong with that liquid.
You feel weakened.
You feel dopey.
You feel clumsy. The adder bites you but does no damage.
The orc hits you with a +0 club.
You die...

.....## #..#
..##..####.## { ##
..##...# #..# ..#
####.#.####.## ####
... #....#.[#
#..###..##..
.....##.####†##...)'#
##
##.).##..###.##....#
#.
##.÷<###..##..##oS# {
## ##...#
##..##<##@## .....##
##...##.†## { {
.#....# ###.#...†# {
......### ##.'..?)#
{{
.PP.....###..##..#+#
P≈≈P....>...######..#
..P..#..#..## ...#
....+##...## [..'.
⌠..## ##..# ..##..


You could see an adder and an orc.

Vanquished Creatures
  An adder (D:3)
  3 dart slugs
  An orc (D:3)
  4 ball pythons
  4 endoplasms
  3 giant cockroaches
  10 goblins
  6 hobgoblins
  4 jackals (D:1)
  6 kobolds
  2 quokkas
  4 bats
  A frilled lizard (D:1)
  3 rats
52 creatures vanquished.

Notes
Turn   | Place    | Note
-------+----------+-------------------------------------------
     0 | D:1      | YayAnonymity the Formicid Fighter began the quest for the
                  | Orb.
     0 | D:1      | Reached XP level 1. HP: 18/18 MP: 1/1
   143 | D:1      | Reached XP level 2. HP: 24/24 MP: 2/2
   267 | D:1      | Reached XP level 3. HP: 29/29 MP: 3/3
   790 | D:2      | Found Xyahiari's Antique Weapon Boutique.
  1285 | D:2      | Reached XP level 4. HP: 30/35 MP: 4/4
  1997 | D:3      | Reached skill level 5 in Shields
  2039 | D:3      | HP: 1/35 [orc/silver boomerang (2)]
  2044 | D:3      | Slain by an orc

Illustrated notes

Levels and vault maps discovered:
D:1:      lemuel_arrival_behind_the_door_large, layout_basic,
          palyth_stone_intersect
D:2:      layout_basic, serial_shops, shop, hangedman_decor_clover_reticule,
          moated_statue
D:3:      minmay_bubble_buster, layout_rooms, tso_oasis_becter,
          mainiacjoe_overflow_concentric_impassable, uniq_grinder

Skill      XL: |  1  2  3  4 |
---------------+-------------+-----
Axes           | 3 |  3.8
Shields        | 5 |  5.0
Fighting       | |  3.2
Armour         | |  3.2

Action                   |  1- 3 |  4- 6 || total
-------------------------+-------+-------++-------
Melee: War axe           |    92 |    45 ||   137
  Use: Potion            |       |     1 ||     1
Armor: Scale mail        |    40 |    17 ||    57
Dodge: Dodged            |    46 |    18 ||    64
Block: Buckler           |    29 |    15 ||    44

Table legend: (Time is in decaauts)
 A = Elapsed time spent in this place.
 B = Non-inter-level travel time spent in this place.
 C = Inter-level travel time spent in this place.
 D = Time resting spent in this place.
 E = Time spent auto-exploring this place.
 F = Levels seen in this place.
 G = Mean time per level.
                   A        B        C        D        E       F      G
               +--------+--------+--------+--------+--------+-----+--------+
         Total |   2096 |   1976 |    120 |     32 |   1605 |   3 |  698.7 |
       Dungeon |   2096 |   1976 |    120 |     32 |   1605 |   3 |  698.7 |
               +--------+--------+--------+--------+--------+-----+--------+

Top non-repeatable levels by time:
     D:2: 906 daAuts
     D:1: 769 daAuts
     D:3: 421 daAuts
